 Dungeon Crawl Stone Soup version 0.23.2-33-g5129a83184 (webtiles) character file.

Game seed: 13462728970274592579

157478 misha the Executioner (level 17, -2/163 HPs)
             Began as a Minotaur Fighter on Apr 1, 2019.
             Was the Champion of Trog.
             Slain by a demonic crawler (3 damage)
             ... on level 4 of the Spider Nest on July 25, 2019.
             The game lasted 02:51:48 (40999 turns).

misha the Executioner (Minotaur Fighter)           Turns: 40999, Time: 02:51:50

Health: -2/163     AC: 23    Str: 27    XL:     17   Next: 12%
Magic:  5/5        EV:  4    Int: 10    God:    Trog [******]
Gold:   1747       SH:  0    Dex: 15    Spells: 16/16 levels left

rFire    . . .     SeeInvis +   i - +7 broad axe (antimagic)
rCold    . . .     Gourm    +   c - +0 large shield
rNeg     . . .     Faith    .   M - +1 chain mail {rPois}
rPois    +         Spirit   .   O - +1 hat {Int+3}
rElec    .         Reflect  .   J - +2 cloak {MR+}
rCorr    .         Harm     .   I - +2 pair of gloves of Ruput {Int+2}
MR       ++...                  N - +2 pair of boots {run}
Stlth    ..........             a - amulet of the gourmand
HPRegen  0.37/turn              U - ring of Yesterday {Dex+4 SInv}
MPRegen  0.09/turn              H - +3 ring of protection

@: berserk cooldown, very slightly contaminated, held, slowed, very slow
A: retaliatory headbutt, horns 2
a: Berserk, Trog's Hand, Brothers in Arms, Renounce Religion


You were on level 4 of the Spider Nest.
You worshipped Trog.
Trog was exalted by your worship.
You were not hungry.

You visited 4 branches of the dungeon, and saw 27 of its levels.
You also visited: Ossuary.

You collected 2452 gold pieces.
You spent 705 gold pieces at shops.

Inventory:

Hand Weapons
 i - a +7 antimagic broad axe (weapon)
 r - the +7 flail "Orb Guardian's Curse" {flame, rC+}
   (You took it off an orc on level 12 of the Dungeon)

   It has been specially enchanted to burn those struck by it, causing extra
   injury to most foes and up to half again as much damage against particularly
   susceptible opponents.
   It protects you from cold.
 C - the +1 broad axe of Drought {chop, MR++ Dex+2}
   (Trog gifted it to you on level 1 of the Spider Nest)

   It inflicts extra damage upon your enemies.
   It affects your dexterity (+2).
   It affects your resistance to hostile enchantments.
Missiles
 G - 8 throwing nets
Armour
 c - a +0 large shield (worn)
 j - a +0 shield of reflection
 y - the +0 hat of Cloud Cover {*Contam rC++ Slay+3}
   (You acquired it on level 2 of the Orcish Mines)

   It affects your accuracy and damage with ranged weapons and melee attacks
   (+3).
   It greatly protects you from cold.
   It causes magical contamination when unequipped.
 I - the +2 pair of gloves of Ruput (worn) {Int+2}
   (You found it on level 2 of the Spider Nest)

   It affects your intelligence (+2).
 J - a +2 cloak of magic resistance (worn)
 M - a +1 chain mail of poison resistance (worn)
 N - a +2 pair of boots of running (worn)
 O - a +1 hat of intelligence (worn)
 T - the +2 ring mail of the Nine Eyes {rPois Int+4 Dex+5}
   (You found it on level 4 of the Lair of Beasts)

   It affects your intelligence (+4).
   It affects your dexterity (+5).
   It protects you from poison.
Jewellery
 a - an amulet of the gourmand (around neck)
 w - an uncursed ring of poison resistance
 H - a +3 ring of protection (right hand)
 Q - an uncursed ring of protection from magic
 U - the ring of Yesterday (left hand) {Dex+4 SInv}
   (You found it on level 12 of the Dungeon)

   [ring of see invisible]

   It affects your dexterity (+4).
   It lets you see invisible.
Wands
 s - a wand of paralysis (5)
 B - a wand of flame (15)
 D - a wand of disintegration (6)
 E - a wand of iceblast (18)
 F - a wand of acid (28)
 L - a wand of random effects (12)
 Y - a wand of enslavement (8)
Scrolls
 g - 3 scrolls of fog
 h - 5 scrolls of magic mapping
 k - 2 scrolls of blinking
 l - 8 scrolls of remove curse
 m - 7 scrolls of fear
 n - 17 scrolls of teleportation
 p - 3 scrolls of enchant armour
 v - 5 scrolls of enchant weapon
 x - 2 scrolls of holy word
 A - 2 scrolls of immolation
 R - a scroll of vulnerability
 X - 2 scrolls of acquirement
Potions
 b - 4 potions of flight
 d - 5 potions of might
 e - 2 potions of berserk rage
 o - 4 potions of curing
 q - a potion of cancellation
 t - 7 potions of agility
 u - 4 potions of mutation
 K - 3 potions of resistance
 P - 2 potions of lignification
 S - 3 potions of brilliance
 V - a potion of experience
 W - 3 potions of haste
Miscellaneous
 z - a sack of spiders
Comestibles
 f - 32 rations


   Skills:
 + Level 18.1 Fighting
 * Level 23.6 Axes
 - Level 3.8 Armour
 + Level 18.0 Shields


You had 16 spell levels left.
You didn't know any spells.
Your spell library was empty.

Dungeon Overview and Level Annotations

Branches:
Dungeon (15/15)            Temple (0/1) D:5            Lair (6/6) D:8
  Swamp (0/4) Lair:2       Spider (4/4) Lair:4        Slime (0/5) Lair:5
    Orc (2/2) D:10            Elf (0/3) Orc:2        Vaults (0/5) D:13
 Depths (0/5) D:15

Altars:
Fedhas
Gozag
Hepliaklqana
Kikubaaqudgha
Makhleb
Nemelex Xobeh
Okawaru
Qazlal
Ru
Trog
Uskayaw
Vehumet
Wu Jian
The Shining One
Beogh

Shops:
D:9 %   D:15 [*   Orc:2 ([*??

Portals:
Trove: D:10 (give 2 scrolls of acquirement)

Annotations:
D:7 3 transporters
D:10 2 runed translucent doors, teukkam's ghost, novice MiFi
D:12 demon trident freeze +3
D:13 demon whip


Innate Abilities, Weirdness & Mutations

You reflexively headbutt those who attack you in melee.
You have a pair of horns on your head.


Message History

* * * LOW HITPOINT WARNING * * *
The demonic crawler hits you but does no damage. x2
The wolf spider hits you!
* * * LOW HITPOINT WARNING * * *
The wolf spider barely misses you.
As you read the scroll of fear, it crumbles to dust.
You assume a fearsome visage.
The wolf spider looks frightened!
The demonic crawler is unaffected.
The wolf spider looks frightened!
The jumping spider looks frightened!
The demonic crawler is unaffected.
The jumping spider leaps!
The demonic crawler hits you but does no damage. x3
The demonic crawler hits you.
* * * LOW HITPOINT WARNING * * *
The demonic crawler hits you but does no damage. x4
The demonic crawler barely misses you.
You struggle to detach yourself from the web.
The demonic crawler barely misses you.
The demonic crawler hits you but does no damage. x3
The demonic crawler hits you.
You die...

#.^.....ss.^..# #^.#..####.......
..#†#.#..#....###....†.^#..^##.<#
###########.s.#...#.#^..^).##..(.
##....s^###.##†^.†#.###
#...#°s######..#####^.
#####...##^.....^.....
#...####..^#[....##
##ss#....###...###.
#@^#...##...#...##
#^.##....#...#.^.^.
...##..#..#.#)#.#/.^
#...#...#^^#######.#^
#..###..##^...# #### #^.
#....#.^.#####.^. #..
#.#..#####.#.##.. ##.
###.....#....##^. ##...####......


You could see 2 demonic crawlers and 2 wolf spiders.

Vanquished Creatures
  Jorgrun (D:15)
  Gastronok (Lair:1)
  Donald (Spider:1)
  2 orc warlords (Orc:2)
  A ghost moth (Spider:3)
  Louise (Spider:4)
  3 emperor scorpions
  An entropy weaver (Spider:1)
  Azrael (Spider:3)
  2 spark wasps
  An ettin (D:15)
  Fannar (Lair:1)
  6 catoblepae
  5 hydras
  A death knight (D:15)
  3 centaur warriors
  15 two-headed ogres
  4 ogre magi (D:15)
  2 tengu warriors
  8 death yaks (Lair:6)
  5 spriggan berserkers (D:15)
  An orc high priest (Orc:2)
  2 skeletal warriors (D:15)
  5 unseen horrors
  2 wizards (D:13)
  A phantasmal warrior (D:15)
  3 orc knights (Orc:2)
  A necromancer (Lair:4)
  2 wolf spider zombies
  5 ugly things
  9 orb spiders
  4 lindwurms (D:12)
  2 orc sorcerers
  4 oklob plants (Lair:1)
  23 wolf spiders
  6 manticores
  3 cyclopes
  9 elephants
  4 black mambas
  2 torpor snails
  A gargoyle (D:15)
  An eye of devastation (Lair:5)
  A kobold demonologist (D:14)
  11 spiny frogs
  2 rime drakes
  A freezing wraith (D:15)
  A tengu conjurer (D:14)
  5 komodo dragons
  8 demonic crawlers
  A jumping spider (shapeshifter) (D:13)
  6 meliai (D:14)
  11 trolls
  24 jumping spiders
  3 polar bears
  7 slime creatures
  A tyrant leech (Lair:2)
  9 hornets
  Grinder (D:3)
  11 hippogriffs
  7 dream sheep (Lair:4)
  2 meliai zombies (D:13)
  17 blink frogs
  2 shadows (D:14)
  63 redbacks
  A vampire (D:11)
  23 tarantellas
  3 wyverns
  A wraith (D:14)
  26 yaks
  3 fire bats (Lair:1)
  3 fire elementals (Spider:3)
  A hungry ghost (D:10)
  2 steam dragons
  2 basilisks
  3 soldier ants
  A swamp worm (Lair:2)
  5 wargs (Orc:2)
  12 water moccasins
  6 porcupines
  5 hell hounds (Spider:3)
  4 ice beasts
  2 black bears
  28 orc warriors
  3 phantoms
  7 sky beasts
  2 eyes of draining
  18 ogres
  A necrophage (D:5)
  12 wolves
  22 centaurs
  14 crocodiles
  2 big kobolds
  3 elf zombies (Ossuary)
  16 bullfrogs
  2 gnoll sergeants (D:6)
  2 wyvern skeletons (D:14)
  4 jellies
  2 water moccasin skeletons
  11 scorpions
  10 killer bees
  8 wights
  5 electric eels
  7 howler monkeys
  A bullfrog zombie (D:5)
  6 centaur zombies
  7 crimson imps
  A quasit (D:13)
  A bullfrog skeleton (D:12)
  17 hounds
  8 human zombies (Ossuary)
  14 orc priests
  Jessica (D:3)
  2 centaur skeletons
  2 gnoll shamans (D:6)
  An iguana (D:13)
  30 orc wizards
  13 worker ants
  2 polar bear simulacra (Lair:4)
  2 wolf simulacra (Lair:4)
  A killer bee zombie (D:6)
  4 yak simulacra (Lair:4)
  A hound skeleton (D:4)
  3 mummies (Ossuary)
  A howler monkey skeleton (D:5)
  12 adders
  22 gnolls (D:6)
  3 shadow imps
  3 oozes
  2 adder zombies (D:5)
  2 adder skeletons
  5 worms
  2 dart slugs (D:1)
  6 leopard geckos
  90 orcs
  7 bats
  4 bat zombies (D:3)
  11 giant cockroaches
  13 goblins
  8 hobgoblins
  25 jackals
  21 kobolds
  11 quokkas
  4 frilled lizards
  17 rats
  2 rat zombies (D:3)
  3 river rat simulacra (Lair:4)
  A fungus (Lair:6)
  30 plants
1053 creatures vanquished.

Vanquished Creatures (collateral kills)
  An emperor scorpion (Spider:4)
  2 orc knights (Orc:2)
  3 orb spiders (Spider:4)
  7 ugly things (D:15)
  A wolf spider (Spider:4)
  A redback (Spider:4)
  A water moccasin (D:7)
  12 orc warriors
  A bullfrog (D:7)
  A shadow imp (D:7)
  3 orcs (Orc:2)
  A giant cockroach (D:7)
34 creatures vanquished.

Vanquished Creatures (others)
  A jumping spider (Spider:1)
  A tarantella (Spider:1)
  An orc wizard (D:4)
  13 fungi
  9 plants
25 creatures vanquished.

Grand Total: 1112 creatures vanquished

Notes
Turn   | Place    | Note
-------+----------+-------------------------------------------
     0 | D:1      | misha the Minotaur Fighter began the quest for the Orb.
     0 | D:1      | Reached XP level 1. HP: 19/19 MP: 0/0
   131 | D:1      | Reached XP level 2. HP: 27/27 MP: 1/1
   219 | D:1      | Reached skill level 3 in Axes
   223 | D:1      | Reached XP level 3. HP: 26/33 MP: 2/2
   679 | D:2      | Found a faded altar of an unknown god.
   846 | D:2      | Reached XP level 4. HP: 34/41 MP: 3/3
   929 | D:2      | Found a sparkling altar of Nemelex Xobeh.
   930 | D:2      | Found an opulent altar of Gozag.
   999 | D:2      | Reached skill level 4 in Axes
  1137 | D:2      | Noticed a moth of wrath
  1140 | D:2      | Found a bloodstained altar of Trog.
  1158 | D:2      | Became a worshipper of Trog the Wrathful
  1352 | D:3      | Noticed Jessica
  1356 | D:3      | Killed Jessica
  1448 | D:3      | Reached XP level 5. HP: 42/47 MP: 4/4
  1470 | D:3      | Reached skill level 5 in Axes
  1571 | D:3      | Reached * piety under Trog
  1858 | D:3      | Noticed Grinder
  1858 | D:3      | Paralysed by Grinder for 3 turns
  1868 | D:3      | Killed Grinder
  1868 | D:3      | Reached skill level 5 in Fighting
  1868 | D:3      | Reached skill level 6 in Axes
  1868 | D:3      | Reached skill level 5 in Shields
  1868 | D:3      | Reached XP level 6. HP: 39/56 MP: 5/5
  2145 | D:3      | Found an ancient bone altar of Kikubaaqudgha.
  2367 | D:4      | Found a sand-covered staircase.
  2372 | Ossuary  | Entered an ossuary
  2437 | Ossuary  | Reached XP level 7. HP: 51/62 MP: 6/6
  2562 | Ossuary  | Reached skill level 7 in Axes
  2792 | Ossuary  | Reached ** piety under Trog
  3059 | D:4      | Reached skill level 8 in Axes
  3063 | D:4      | Found a burning altar of Makhleb.
  3151 | D:4      | Reached XP level 8. HP: 69/71 MP: 7/7
  3438 | D:4      | Found a hazy altar of Hepliaklqana.
  3446 | D:4      | Found a blossoming altar of Fedhas.
  3489 | D:4      | Found a sacrificial altar of Ru.
  3691 | D:5      | Entered Level 5 of the Dungeon
  3765 | D:5      | Reached skill level 9 in Axes
  3800 | D:5      | Reached *** piety under Trog
  3974 | D:5      | Found a staircase to the Ecumenical Temple.
  4615 | D:6      | Reached skill level 10 in Axes
  4790 | D:6      | Reached XP level 9. HP: 76/81 MP: 8/8
  4836 | D:6      | Reached **** piety under Trog
  5235 | D:6      | Upgraded the game from 0.23.2 to 0.23.2-1-ga50397a
  5247 | D:6      | Reached skill level 11 in Axes
  6424 | D:7      | Reached skill level 12 in Axes
  6641 | D:7      | Reached XP level 10. HP: 84/91 MP: 9/9
  6835 | D:7      | Found a transporter.
  6838 | D:7      | Found a transporter.
  6861 | D:7      | Found a transporter.
  6881 | D:7      | Found a transporter.
  6881 | D:7      | Found a transporter.
  7376 | D:8      | Found a staircase to the Lair.
  7556 | D:8      | Noticed a two-headed ogre
  7813 | D:8      | Reached skill level 10 in Fighting
  7947 | D:8      | Noticed a two-headed ogre
  7964 | D:8      | Killed a two-headed ogre
  7964 | D:8      | Reached skill level 13 in Axes
  7964 | D:8      | Reached skill level 10 in Shields
  8136 | D:8      | Killed a two-headed ogre
  8284 | Lair:1   | Entered Level 1 of the Lair of Beasts
  8335 | Lair:1   | Reached XP level 11. HP: 65/101 MP: 10/10
  8510 | Lair:1   | Reached skill level 14 in Axes
  8828 | Lair:1   | Noticed Fannar
  8866 | Lair:1   | Killed Fannar
  9715 | Lair:1   | Noticed Gastronok
  9752 | Lair:1   | Killed Gastronok
  9752 | Lair:1   | Received a gift from Trog
 10020 | Lair:1   | Reached skill level 15 in Axes
 10322 | Lair:1   | Noticed an oklob plant
 10322 | Lair:1   | Noticed an oklob plant
 11389 | Lair:2   | Found a staircase to the Swamp.
 11909 | Lair:2   | Reached ***** piety under Trog
 11916 | Lair:2   | Reached XP level 12. HP: 62/112 MP: 11/11
 12443 | Lair:3   | Reached skill level 16 in Axes
 13331 | Lair:4   | Found a gate leading to a gauntlet.
 13346 | Lair:4   | Found a hole to the Spider Nest.
 13458 | Lair:4   | Received a gift from Trog
 13580 | Lair:4   | Noticed a five-headed hydra
 13657 | Lair:4   | Killed a 12-headed hydra
 14183 | Lair:4   | Noticed a catoblepas
 14205 | Lair:4   | Killed a catoblepas
 14205 | Lair:4   | Reached skill level 17 in Axes
 14788 | Lair:4   | Got a fine ring mail
 14789 | Lair:4   | Identified the +2 ring mail of the Nine Eyes {rPois Int+4
                  | Dex+5} (You found it on level 4 of the Lair of Beasts)
 14811 | Lair:4   | Received a gift from Trog
 15597 | Lair:5   | Noticed an eight-headed hydra
 15598 | Lair:5   | Noticed a seven-headed hydra
 15741 | Lair:5   | Noticed an eight-headed hydra
 15842 | Lair:5   | Reached XP level 13. HP: 96/122 MP: 4/12
 16764 | Lair:5   | Found a staircase to the Slime Pits.
 16797 | Lair:5   | Found an ornate altar of the Wu Jian Council.
 17094 | Lair:6   | Entered Level 6 of the Lair of Beasts
 17140 | Lair:6   | Reached skill level 18 in Axes
 18491 | Lair:6   | Reached skill level 19 in Axes
 19038 | Lair:6   | Reached XP level 14. HP: 77/133 MP: 4/13
 20452 | Lair:1   | Identified the Compendium of the Unstable Glacier
 20653 | D:9      | Found a glowing golden altar of the Shining One.
 20683 | D:9      | Found a sacrificial altar of Ru.
 20683 | D:9      | Found an iron altar of Okawaru.
 20683 | D:9      | Found a radiant altar of Vehumet.
 20684 | D:9      | Found a hide-covered altar of Uskayaw.
 20793 | D:9      | Found a stormy altar of Qazlal.
 20801 | D:9      | Found Salappaw's Food Emporium.
 20996 | D:9      | Received a gift from Trog
 21396 | D:10     | Entered Level 10 of the Dungeon
 21680 | D:10     | Found a runed translucent door.
 21685 | D:10     | Noticed a lich
 21687 | D:10     | Found a runed translucent door.
 21690 | D:10     | Noticed teukkam's ghost (novice MiFi)
 22113 | D:10     | Found a blossoming altar of Fedhas.
 22194 | D:10     | Found a portal to a secret trove of treasure.
 22206 | D:10     | Upgraded the game from 0.23.2-1-ga50397a to
                  | 0.23.2-33-g5129a83184
 22802 | D:10     | Found a staircase to the Orcish Mines.
 23631 | D:11     | Reached skill level 15 in Fighting
 23982 | D:11     | Reached skill level 15 in Shields
 24911 | Orc:1    | Entered Level 1 of the Orcish Mines
 25045 | Orc:2    | Entered Level 2 of the Orcish Mines
 25134 | Orc:2    | Found a roughly hewn altar of Beogh.
 25175 | Orc:2    | Received a gift from Trog
 25222 | Orc:2    | Reached skill level 20 in Axes
 25511 | Orc:2    | Found Oxoug's Magic Scroll Shop.
 25638 | Orc:2    | Noticed an orc warlord
 26198 | Orc:2    | Killed an orc warlord
 26522 | Orc:2    | Found Kaushruh's Antique Armour Emporium.
 26522 | Orc:2    | Found Jafitoj's General Store.
 26524 | Orc:2    | Found Genuk's Magic Scroll Boutique.
 26526 | Orc:2    | Found Ciereor's Antique Weapon Shoppe.
 26530 | Orc:2    | Bought a pair of embroidered boots for 232 gold pieces
 26540 | Orc:2    | Identified a +2 pair of boots of running (You bought it in
                  | a shop on level 2 of the Orcish Mines)
 26542 | Orc:2    | Bought a potion of ambrosia for 88 gold pieces
 26544 | Orc:2    | Bought a scroll of fear for 49 gold pieces
 26579 | Orc:2    | Found a staircase to the Elven Halls.
 26582 | Orc:2    | Noticed an orc warlord
 26614 | Orc:2    | Killed an orc warlord
 26614 | Orc:2    | Reached ****** piety under Trog
 26781 | Orc:2    | Received a gift from Trog
 27213 | Orc:2    | Identified 3 scrolls of acquirement
 27216 | Orc:2    | Got a distressingly furry hat
 27277 | Orc:2    | Bought a scroll of identify for 28 gold pieces
 27281 | Orc:2    | Identified the +0 hat of Cloud Cover {*Contam rC++ Slay+3}
                  | (You acquired it on level 2 of the Orcish Mines)
 27738 | Orc:2    | Bought a scroll of identify for 30 gold pieces
 27738 | Orc:2    | Bought a scroll of identify for 30 gold pieces
 28757 | D:12     | Identified the +7 flail "Orb Guardian's Curse" {flame, rC+}
 29246 | D:12     | Identified the Handbook of Arcane Weapons
 29279 | D:12     | Got a slimy platinum ring
 29403 | D:13     | Reached XP level 15. HP: 143/143 MP: 4/14
 29406 | D:13     | Received a gift from Trog
 29824 | D:13     | Identified the ring of Yesterday {Dex+4 SInv} (You found it
                  | on level 12 of the Dungeon)
 30083 | D:13     | Reached skill level 21 in Axes
 30091 | D:13     | Found a gate to the Vaults.
 31579 | D:15     | Entered Level 15 of the Dungeon
 31796 | D:15     | Found a staircase to the Depths.
 31821 | D:15     | Received a gift from Trog
 32163 | D:15     | Found Orujill's Antique Armour Shoppe.
 32228 | D:15     | Found Nialat's Assorted Antiques.
 32236 | D:15     | Bought a wand of acid (9) for 248 gold pieces
 33035 | D:15     | Found the +8 Wrath of Trog {antimagic, *Rage}
 33089 | D:15     | Reached skill level 22 in Axes
 33451 | D:15     | Noticed Jorgrun
 33761 | D:15     | Killed Jorgrun
 33761 | D:15     | Reached XP level 16. HP: 94/154 MP: 5/15
 34853 | Spider:1 | Entered Level 1 of the Spider Nest
 34936 | Spider:1 | Received a gift from Trog
 35096 | Spider:1 | Got a polished broad axe {god gift}
 35097 | Spider:1 | Identified the +1 broad axe of Drought {chop, MR++ Dex+2}
                  | (Trog gifted it to you on level 1 of the Spider Nest)
 35587 | Spider:1 | Noticed Donald
 35602 | Spider:1 | Killed Donald
 35613 | Spider:1 | HP: 6/155 [wolf spider (2)]
 35613 | Spider:1 | HP: 1/155 [jumping spider (5)]
 37587 | Spider:2 | Got a pair of heavily runed gloves
 37596 | Spider:2 | Identified the +2 pair of gloves of Ruput {Int+2} (You
                  | found it on level 2 of the Spider Nest)
 37976 | Spider:2 | Received a gift from Trog
 38174 | Spider:3 | Reached skill level 23 in Axes
 38277 | Spider:3 | Noticed Azrael
 38291 | Spider:3 | Killed Azrael
 39657 | Spider:4 | Entered Level 4 of the Spider Nest
 39657 | Spider:4 | Noticed Louise
 39685 | Spider:4 | Killed Louise
 40901 | Spider:4 | Reached XP level 17. HP: 124/163 MP: 5/16
 40912 | Spider:4 | Received a gift from Trog
 40997 | Spider:4 | HP: 1/163 [wolf spider (11)]
 40999 | Spider:4 | Slain by a demonic crawler

Skill      XL: |  1  2  3  4  5  6  7  8  9 10 11 12 13 14 15 16 17 |
---------------+----------------------------------------------------+-----
Fighting       | 4 5 6 7 9 10 12 13 14 15 16 17 18 | 18.1
Shields        | 4 5 6 7 9 10 12 13 14 15 16 17 18 | 18.0
Axes           | 3 4 6 8 10 12 13 15 17 19 20 22 23 | 23.6
Armour         | |  3.8

Action                   |  1- 3 |  4- 6 |  7- 9 | 10-12 | 13-15 | 16-18 || total
-------------------------+-------+-------+-------+-------+-------+-------++-------
Melee: War axe           |    95 |   171 |   398 |   565 |       |       ||  1229
       Headbutt          |    11 |    29 |    81 |   159 |   305 |   129 ||   714
       Broad axe         |       |       |       |    36 |  1204 |   529 ||  1769
Throw: Tomahawk          |       |       |       |     7 |       |       ||     7
Invok: Berserk           |       |       |     5 |    10 |    15 |     3 ||    33
       Brothers in Arms  |       |       |       |     1 |     4 |       ||     5
Evoke: Wand              |       |       |       |     2 |    18 |       ||    20
       Sack of spiders   |       |       |       |       |       |     3 ||     3
  Use: Potion            |       |       |     3 |     2 |     7 |     8 ||    20
       Scroll            |       |       |    11 |     3 |    18 |    12 ||    44
 Stab: Petrified         |       |       |       |       |     2 |       ||     2
       Distracted        |       |       |       |       |       |     2 ||     2
  Eat: Chunk             |       |     4 |    14 |    24 |    36 |       ||    78
       Ration            |       |       |     2 |     4 |    10 |     8 ||    24
Armor: Scale mail        |    33 |    14 |       |       |       |       ||    47
       Chain mail        |       |    77 |   230 |   226 |   313 |   340 ||  1186
       Skin              |       |       |       |     4 |       |       ||     4
       Plate armour      |       |       |       |       |   192 |    17 ||   209
Dodge: Dodged            |    37 |    26 |   104 |   116 |   196 |   130 ||   609
Block: Shield            |    42 |    74 |   256 |   337 |   667 |   184 ||  1560
       Large shield      |       |       |       |       |       |   414 ||   414
